 Dungeon Crawl Stone Soup version 0.29.1-12-g30fa7ad0bf (webtiles) character file.

Game seed: 15612769554797520836

182 MrSixtyFour the Magician (level 5, 0/24 HPs)
             Began as a Spriggan Conjurer on Dec 21, 2022.
             Was an Initiate of Vehumet.
             Shot with an arrow by a centaur (12 damage)
             ... on level 4 of the Dungeon.
             The game lasted 00:16:56 (3608 turns).

MrSixtyFour the Magician (Spriggan Conjurer)        Turns: 3608, Time: 00:16:57

Health: 0/24       AC:  3    Str:  3    XL:     5   Next: 34%
Magic:  5/13       EV: 17    Int: 22    God:    Vehumet [......]
Gold:   218        SH:  0    Dex: 13    Spells: 10/13 levels left

rFire   . . .      SeeInvis +   h - +1 short sword (drain)
rCold   . . .      Faith    .   (no shield)
rNeg    . . .      Spirit   .   a - +0 robe
rPois   .          Reflect  .   (helmet restricted)
rElec   .          Harm     .   o - +0 cloak
rCorr   .          Rampage  .   (gloves unavailable)
Will    .....                   (boots unavailable)
Stlth   ++........              (no amulet)
HPRegen 0.08/turn               (no ring)
MPRegen 0.13/turn               (no ring)

@: very quick
A: very small, no large weapons, unfitting armour, see invisible, speed 3
a: Renounce Religion


You were on level 4 of the Dungeon.
You worshipped Vehumet.
Vehumet was noncommittal.
You visited 2 branches of the dungeon, and saw 5 of its levels.

You collected 218 gold pieces.

Inventory:

Hand Weapons
 h - a +1 short sword of draining (weapon)
Armour
 a - a +0 robe (worn)
 o - a +0 cloak (worn)
Jewellery
 m - a ring of protection from fire
 r - an amulet of reflection
Scrolls
 c - 10 scrolls of identify {unknown}
 g - a scroll of acquirement {unknown}
 i - a scroll of summoning {unknown}
 k - 3 scrolls of teleportation {unknown}
 n - a scroll of enchant weapon {unknown}
 s - a scroll of blinking {unknown}
 t - a scroll of poison {unknown}
 u - a scroll of enchant armour {unknown}
 v - a scroll of vulnerability {unknown}
Potions
 b - a potion of magic
 d - 2 potions of brilliance {unknown}
 e - a potion of ambrosia {unknown}
 f - 3 potions of heal wounds {unknown}
 j - a potion of flight {unknown}
 l - a potion of resistance {unknown}
 p - a potion of cancellation {unknown}
 q - a potion of invisibility {unknown}


   Skills:
 - Level 2.7 Dodging
 - Level 3.0 Stealth
 + Level 4.8 Spellcasting
 + Level 3.9 Conjurations
 + Level 2.4 Hexes


You had 10 spell levels left.
You knew the following spells:

 Your Spells              Type           Power      Damage    Failure   Level
a - Magic Dart            Conj           88%        1d7       1%          1
b - Searing Ray           Conj           44%        2d6       3%          2

Your spell library contained the following spells:

 Spells                   Type           Power      Damage    Failure   Level
 Dazzling Flash           Conj/Hex       38%        N/A       9%          3
 Fulminant Prism          Conj/Hex       9%         3d7       28%         4
 Iskenderun's Mystic Bla  Conj/Tloc      14%        2d5       41%         4
 Summon Forest            Summ/Tloc      2%         N/A       96%         5
 Eringya's Noxious Bog    Tmut/Pois      2%         N/A       100%        6
 Summon Hydra             Summ           2%         N/A       100%        7


Dungeon Overview and Level Annotations

Branches:
Dungeon (4/15)             Temple (1/1) D:4

Altars:
Ashenzari
Cheibriados
Dithmenos
Fedhas
Kikubaaqudgha
Makhleb
Qazlal
Vehumet
Xom
Yredelemnul
Zin
The Shining One

Annotations:
D:4 Dowan, Duvessa, Sigmund


Innate Abilities, Weirdness & Mutations

You are very small and have problems with some larger weapons.
You are too small for most types of armour.
You have supernaturally acute eyesight. (SInv)
You cover ground extremely quickly. (Speed+++)


Message History

The centaur is severely wounded.
The centaur shoots an arrow.
The arrow hits you.
Aiming: Magic Dart (safe; 1% risk of failure)
Press: ? - help, Q - select action, (/) - cycle Shift-Dir - straight line, f/p - centaur
Aim: a centaur, wielding a +0 shortbow (severely wounded, 100% to hit)
The magic dart hits the centaur.
The centaur is almost dead.
The centaur drinks a potion.
The centaur is healed!
The centaur shoots an arrow.
The arrow misses you.
Aiming: Magic Dart (safe; 1% risk of failure)
Press: ? - help, Q - select action, (/) - cycle Shift-Dir - straight line, f/p - centaur
Aim: a centaur, wielding a +0 shortbow (heavily wounded, 100% to hit)
The magic dart hits the centaur but does no damage.
The centaur is heavily wounded.
The centaur shoots an arrow.
The arrow barely misses you.
Aiming: Magic Dart (safe; 1% risk of failure)
Press: ? - help, Q - select action, (/) - cycle Shift-Dir - straight line, f/p - centaur
Aim: a centaur, wielding a +0 shortbow (heavily wounded, 100% to hit)
The magic dart hits the centaur but does no damage.
The centaur is heavily wounded.
The centaur shoots an arrow.
The arrow hits you.
Aiming: Magic Dart (safe; 1% risk of failure)
Press: ? - help, Q - select action, (/) - cycle Shift-Dir - straight line, f/p - centaur
Aim: a centaur, wielding a +0 shortbow (heavily wounded, 100% to hit)
The magic dart hits the centaur.
The centaur is severely wounded.
The centaur shoots an arrow.
The arrow hits you.
The centaur shoots an arrow.
The arrow barely misses you.
Really walk into that teleport trap? [Y]es or [N]o only, please.
Really walk into that teleport trap? [Y]es or [N]o only, please.
Really walk into that teleport trap? [Y]es or [N]o only, please.
Really walk into that teleport trap?
Okay, then.
Sigmund the Dreaded comes into view.
He is wielding a +0 scythe.
The centaur shoots an arrow.
The arrow hits you!
Ouch! That really hurt!
You die...

...........#
...........#
...........#
.....c.....##
............#
.....!......#
............##
.>......^....#
........@....#
.#
.............#
..
.............#
#.
............##
..
@.........###
.. .......#..#
#. ....####..#
## ### ##..# #
#...#


You could see a centaur.

Vanquished Creatures
  Natasha (D:4)
  An orc wizard (D:3)
  3 gnolls
  4 adders
  A worm (D:3)
  2 dart slugs
  3 orcs (D:3)
  2 bats (D:1)
  7 endoplasms
  A giant cockroach (D:3)
  5 goblins
  7 hobgoblins
  3 jackals (D:4)
  3 quokkas
  3 ball pythons
  2 frilled lizards
  9 kobolds
  4 rats
61 creatures vanquished.

Vanquished Creatures (others)
  2 plants (D:4)
2 creatures vanquished.

Grand Total: 63 creatures vanquished

Notes
Turn   | Place    | Note
-------+----------+-------------------------------------------
     0 | D:1      | MrSixtyFour the Spriggan Conjurer began the quest for the
                  | Orb.
     0 | D:1      | Reached XP level 1. HP: 9/9 MP: 5/5
   139 | D:1      | Reached skill level 3 in Spellcasting
   272 | D:1      | Reached XP level 2. HP: 13/13 MP: 1/7
   852 | D:2      | Found a faded altar of an unknown god.
  1129 | D:2      | Reached XP level 3. HP: 16/16 MP: 6/9
  2094 | D:3      | Reached skill level 4 in Spellcasting
  2150 | D:3      | Learned a level 2 spell: Searing Ray
  2281 | D:3      | Reached skill level 1 in Hexes
  2281 | D:3      | Reached XP level 4. HP: 21/21 MP: 11/11
  2899 | D:4      | Noticed Duvessa
  2962 | D:4      | Reached XP level 5. HP: 18/24 MP: 4/12
  2962 | D:4      | Noticed Dowan
  3324 | D:4      | Found a staircase to the Ecumenical Temple.
  3333 | Temple   | Entered the Ecumenical Temple
  3455 | Temple   | Became a worshipper of Vehumet
  3481 | D:4      | Noticed Natasha
  3496 | D:4      | Killed Natasha
  3594 | D:4      | Noticed a centaur
  3607 | D:4      | Noticed Sigmund
  3608 | D:4      | Shot with an arrow by a centaur

Illustrated notes

Levels and vault maps discovered:
D:1:      dpeg_arrival_subterranean_lakeside_camping, layout_rooms,
          serial_bayou_crossing
D:2:      layout_basic, nicolae_ecumenical_pavilion
D:3:      layout_loops_cross, serial_glass, glass_columns_c, glass_columns_a,
          feat_on_display, feat_on_display, feat_on_display,
          minmay_strange_pillars, minivault_19
D:4:      layout_cave_pods, minmay_temple_entry_antechambers, serial_shops,
          nicolae_shop_overgrown_old_shop, minmay_increasing_density,
          uniq_pikel, uniq_natasha, uniq_sigmund, uniq_ijyb, uniq_duvessa
Temple:   nicolae_temple_hex_pool

Skill      XL: |  1  2  3  4 |
---------------+-------------+-----
Conjurations   | 3 |  3.9
Spellcasting   | 3 4 |  4.8
Hexes          | 1 2 |  2.4
Dodging        | |  2.7
Stealth        | |  3.0

Action                   |  1- 3 |  4- 6 || total
-------------------------+-------+-------++-------
Melee: Dagger            |     7 |       ||     7
       Short sword       |    20 |    14 ||    34
 Cast: Magic Dart        |    65 |    54 ||   119
       Searing Ray       |       |     2 ||     2
 Stab: Sleeping          |     9 |     1 ||    10
Armor: Robe              |     3 |     2 ||     5
Dodge: Dodged            |    19 |    21 ||    40
